 Dungeon Crawl Stone Soup version 0.19.1-1-g22dce08 (webtiles) character file.

0 Gargoyl the Skirmisher (level 1, -1/19 HPs)
             Began as a Ghoul Abyssal Knight on Jan 9, 2017.
             Was a Follower of Lugonu.
             Slain by a spatial maelstrom (12 damage)
             ... on level 2 of the Abyss.
             The game lasted 00:00:37 (120 turns).

Gargoyl the Skirmisher (Ghoul Abyssal Knight)        Turns: 120, Time: 00:00:38

Health: -1/19      AC:  3    Str: 15    XL:     1   Next: 0%
Magic:  1/1        EV: 11    Int:  7    God:    Lugonu [*.....]
Gold:   13         SH:  0    Dex:  8    Spells: 0 memorised, 0 levels left

rFire  . . .     SeeInvis .     a - +1 hand axe
rCold  + . .     Gourm    .     b - +0 leather armour
rNeg   + + +     Faith    .     (no shield)
rPois  ∞         Spirit   .     (no helmet)
rElec  .         Reflect  .     (no cloak)
rCorr  .         Harm     .     (no gloves)
MR     .....                    (no boots)
Stlth  +.........               (no amulet)
                                (no ring)
                                (no ring)

@: rotting
A: rotting body, claws 1, carnivore 3, cold resistance 1, negative energy
resistance 3, slow regeneration 1, torment resistance, unbreathing
a: Depart the Abyss, Renounce Religion


You were on level 2 of the Abyss.
You worshipped Lugonu.
Lugonu was aware of your devotion.
You were not hungry.

You visited 0 branches of the dungeon, and saw 0 of its levels.
You visited the Abyss 1 time.

You collected 13 gold pieces.

Inventory:

Hand Weapons
 a - a +1 hand axe (weapon)
Armour
 b - a +0 leather armour (worn)
Comestibles
 c - a meat ration


   Skills:
 + Level 3.2 Fighting
 + Level 1.7 Axes
 + Level 1.7 Armour
 + Level 0.8 Dodging
 + Level 2.0 Invocations


You couldn't memorise any spells.
You didn't know any spells.

Dungeon Overview and Level Annotations

Branches:
Dungeon (0/15)

Altars:


Innate Abilities, Weirdness & Mutations

Your body is rotting away.
You thrive on raw meat.
You are immune to poison.
You have sharp fingernails.
You are carnivorous and can eat meat at any time.
Your flesh is cold resistant. (rC+)
You are immune to negative energy. (rN+++)
You regenerate slowly when monsters are visible.
You are immune to unholy pain and torment.
You can survive without breathing.


Message History

The worldbinder calls forth creatures from the Snake Pit!
Unknown command.
The small abomination closely misses you.
The worldbinder calls forth creatures from the Snake Pit!
The small abomination hits you.
A spatial vortex comes into view.
The mana viper disappears in a puff of smoke! 2 spatial vortices come into view.
The spatial maelstrom hits you.
You blink.
Unknown command.
A golden dragon skeleton comes into view.
A spatial vortex comes into view.
A spatial vortex comes into view.
The spatial vortex moves out of view.
A spatial vortex comes into view.
A white imp comes into view.
The white imp shouts, "Scamper home, thou infectious clay-brained running sore!"
The spatial maelstrom hits you!
Ouch! That really hurt!
You die...

## ..# .. ###
..# ## .#
#.##5. .. #. #
. #...#.... .
.. #. #....X#
## ...#.##@# .
......#v### #
#.....# #.
#...#.# ##.#
###x### ##..##
# ##..#
......##
####.#...# .
#..#
###.#.#.#Z#..#
# #....#
..v..###....


You could see a spatial maelstrom, a thrashing horror, a worldbinder, a white
imp and a golden dragon skeleton.

Vanquished Creatures (others)
  A golden eye (Abyss:2)
  A small abomination (Abyss:2)
  A lurking horror (Abyss:2)
3 creatures vanquished.

Notes
Turn   | Place    | Note
-------+----------+-------------------------------------------
     0 | Abyss:1  | Gargoyl the Ghoul Abyssal Knight began the quest for the Orb.
     0 | Abyss:1  | Reached XP level 1. HP: 19/19 MP: 1/1
     5 | Abyss:2  | Found a corrupted altar of Lugonu.
    31 | Abyss:2  | Noticed a spatial vortex
    53 | Abyss:2  | Noticed a small abomination
    62 | Abyss:2  | Killed a small abomination
    71 | Abyss:2  | Killed a golden eye
    95 | Abyss:2  | Noticed an iron imp
    95 | Abyss:2  | Noticed a spatial vortex
    96 | Abyss:2  | Noticed a spatial maelstrom
    96 | Abyss:2  | Noticed a worldbinder
    97 | Abyss:2  | Noticed a mana viper
    97 | Abyss:2  | Noticed a mana viper
   101 | Abyss:2  | Noticed a naga
   101 | Abyss:2  | Noticed a naga
   101 | Abyss:2  | Noticed a spatial vortex
   102 | Abyss:2  | Noticed a spatial vortex
   102 | Abyss:2  | Noticed a spatial vortex
   106 | Abyss:2  | Noticed a golden dragon skeleton
   110 | Abyss:2  | Noticed a spatial vortex
   114 | Abyss:2  | Noticed a spatial vortex
   118 | Abyss:2  | Noticed a spatial vortex
   120 | Abyss:2  | Slain by a spatial maelstrom

Action                   || total
-------------------------++-------
Armor: Leather armour    ||     1
Dodge: Dodged            ||     3
